 Dungeon Crawl Stone Soup version 0.32-a0-612-g1c984fe9d1 (webtiles) character file.

Game seed: 12075152283802478684

350 Elsrick the Chopper (level 6, 0/62 HPs)
             Began as an Oni Gladiator on Mar 5, 2024.
             Slain by an orc
             ... wielding a +0 short sword
              (4 damage)
             ... on level 3 of the Dungeon.
             The game lasted 00:09:55 (2407 turns).

Elsrick the Chopper (Oni Gladiator)                 Turns: 2407, Time: 00:09:56

Health: 0/62       AC:  6    Str: 21    XL:     6   Next: 61%
Magic:  6/6        EV:  9    Int:  9    God:
Gold:   75         SH:  7    Dex: 10    Spells: 5/5 levels left

rFire   . . .        a - +0 war axe
rCold   + . .        r - +0 kite shield
rNeg    . . .        o - +0 steam dragon scales
rPois   .            c - +0 hat
rElec   .            (no cloak)
rCorr   .            (gloves unavailable)
SInv    .            (boots unavailable)
Will    .....        (no amulet)
Stlth   +            p - ring of protection from cold
HPRegen 0.30/turn    (no ring)
MPRegen 0.10/turn

%: no passive effects
@: about to teleport, studying Short Blades
A: large, unfitting armour, horns 1, tough skin 1, double potion healing,
drunken brawling
a: Convert to Beogh


You were on level 3 of the Dungeon.
You visited 1 branch of the dungeon, and saw 3 of its levels.

You collected 75 gold pieces.

Inventory:

Hand Weapons
 a - a +0 war axe (weapon)
 j - a +4 dagger of freezing
Missiles
 d - 3 throwing nets
 f - 4 darts of dispersal
 g - 4 large rocks (quivered)
Armour
 b - a +0 robe
 c - a +0 hat (worn)
 o - +0 steam dragon scales (worn)
 r - a +0 kite shield (worn)
Jewellery
 h - a ring of magical power
 p - a ring of protection from cold (left hand)
 u - an amulet of magic regeneration
Wands
 i - a wand of warping (14)
Scrolls
 e - a scroll of silence {unknown}
 n - 2 scrolls of amnesia
 q - a scroll of teleportation
 t - 2 scrolls of enchant weapon {unknown}
 v - a scroll of enchant armour {unknown}
Potions
 k - a potion of degeneration {unknown}
 l - a potion of magic
 m - a potion of invisibility
 s - a potion of ambrosia {unknown}


   Skills:
 + Level 4.1 Fighting
 + Level 5.6 Axes
 + Level 2.1 Throwing
 + Level 3.7 Dodging
 - Level 1.0 Stealth
 + Level 0.6 Shields


You had 5 spell levels left.
You didn't know any spells.
Your spell library contained the following spells:

 Spells                   Type           Power      Damage    Failure   Level
 Sting                    Conj/Alch      0%         1d3       71%         1
 Lesser Beckoning         Tloc           0%         N/A       85%         2
 Mercury Vapours          Alch/Air       0%         N/A       85%         2
 Gell's Gravitas          Tloc           0%         N/A       97%         3
 Teleport Other           Tloc           0%         N/A       97%         3
 Olgreb's Toxic Radiance  Alch           0%         N/A       100%        4


Dungeon Overview and Level Annotations

Branches:
Dungeon (3/15)

Altars:


Innate Abilities, Weirdness & Mutations

You are too large for most types of armour.
You have a pair of small horns on your head.
You have tough skin. (AC +1)
You gain doubled healing and magic from potions.
Whenever you drink a healing potion, you attack all around you.


Message History

Beogh smites you! The orc barely misses you. The orc hits you with a +0 club.
You block the orc's attack. x2
You closely miss the orc. You hit the orc but do no damage.
The orc hits you with a +0 club.
The orc priest mumbles some strange prayers to Beogh against you.
Beogh smites you! You block the orc's attack.
The orc hits you with a +0 short sword.
You hit the orc but do no damage. You slash the orc! You slash the orc priest!
The orc priest shouts, "Beogh offers mercy even to people such as you.
Join us and be reborn!"
You hit the orc.
You feel yourself speed up. The orc hits you but does no damage.
The orc hits you with a +0 short sword. The orc barely misses you.
The orc priest invokes the aid of Beogh against you.
Beogh smites you!
* * * LOW HITPOINT WARNING * * *
The orc barely misses you. You block the orc priest's attack.
The orc closely misses you. You block the orc's attack.
You hit the orc priest.
The orc priest is heavily wounded.
You hit the orc. You closely miss the orc. You completely miss the orc.
The orc closely misses you. The orc hits you but does no damage.
The orc priest miscasts a cantrip.
The orc hits you but does no damage. The orc closely misses you.
You block the orc's attack. The orc hits you with a +0 short sword.
* * * LOW HITPOINT WARNING * * *
The orc priest misses you.
Okay, then.
As you read the scroll of teleportation, it crumbles to dust.
You feel strangely unstable. The orc hits you with a +0 short sword.
* * * LOW HITPOINT WARNING * * *
The orc hits you with a +0 short sword.
* * * LOW HITPOINT WARNING * * *
The orc hits you with a +0 club.
* * * LOW HITPOINT WARNING * * *
The orc priest calls upon Beogh to heal the orc.
The orc is healed somewhat.
The orc hits you with a +0 short sword.
You die...

###########
#.........#
###.?.......######
#..........o......
#........@o.......
..#...#...##oo......
...#...#...###...#...
...........# ...# .
#.......††#######
#................
#.....>..........
#..........######
#..........#


You could see an orc priest and 3 orcs.

Vanquished Creatures
  A bombardier beetle (D:3)
  An orc priest (D:2)
  Ijyb (D:3)
  Natasha (thrice) (D:3)
  An orc wizard (D:2)
  6 gnolls (D:3)
  4 adders
  2 dart slugs (D:3)
  3 ribbon worms (D:3)
  An orc (D:2)
  4 endoplasms
  A giant cockroach (D:2)
  5 hobgoblins
  7 jackals
  6 quokkas
  7 ball pythons
  3 bats
  4 frilled lizards
  3 goblins
  3 kobolds
  2 rats
68 creatures vanquished.

Notes
Turn   | Place    | Note
-------+----------+-------------------------------------------
     0 | D:1      | Elsrick the Oni Gladiator began the quest for the Orb.
     0 | D:1      | Reached XP level 1. HP: 22/22 MP: 1/1
   228 | D:1      | Reached XP level 2. HP: 24/29 MP: 2/2
   834 | D:2      | Reached XP level 3. HP: 37/37 MP: 3/3
   968 | D:2      | Reached XP level 4. HP: 38/45 MP: 4/4
  1068 | D:2      | Reached skill level 4 in Axes
  1420 | D:2      | Reached XP level 5. HP: 26/53 MP: 5/5
  1783 | D:3      | Noticed Natasha
  1788 | D:3      | Killed Natasha
  1827 | D:3      | HP: 2/54 [gnoll/+0 flail (8)]
  1829 | D:3      | Reached skill level 5 in Axes
  2035 | D:3      | Reached XP level 6. HP: 62/62 MP: 6/6
  2052 | D:3      | Found a faded altar of an unknown god.
  2082 | D:3      | Noticed Ijyb
  2093 | D:3      | Killed Ijyb
  2235 | D:3      | Noticed Natasha
  2250 | D:3      | Killed Natasha
  2251 | D:3      | Reached skill level 1 in Stealth
  2383 | D:3      | Noticed Natasha
  2391 | D:3      | Killed Natasha
  2407 | D:3      | Slain by an orc

Illustrated notes

Levels and vault maps discovered:
D:1:      scummos_arrival_forest, layout_loops_cross, minmay_pentomino_z2
D:2:      layout_loops_ring
D:3:      layout_basic, basic_ecumenical_altar, uniq_ijyb, uniq_natasha

Skill      XL: |  1  2  3  4  5  6 |
---------------+-------------------+-----
Dodging        | 3 |  3.7
Fighting       | 3 4 |  4.1
Axes           | 4 5 |  5.6
Stealth        | 1 |  1.0
Throwing       | |  2.1
Shields        | |  0.6

Action                     |  1- 3 |  4- 6 || total
---------------------------+-------+-------++-------
  Melee: War axe           |    80 |   120 ||   200
         Headbutt          |     5 |    24 ||    29
  Throw: Large rock        |     1 |       ||     1
    Use: Potion            |       |     2 ||     2
         Scroll            |       |     9 ||     9
   Stab: Sleeping          |     2 |     2 ||     4
 Armour: Robe              |    47 |       ||    47
         Steam dragon scal |    19 |   118 ||   137
  Dodge: Dodged            |    58 |    69 ||   127
  Block: Kite shield       |       |    40 ||    40

Table legend: (Time is in decaauts)
 A = Elapsed time spent in this place.
 B = Non-inter-level travel time spent in this place.
 C = Inter-level travel time spent in this place.
 D = Time resting spent in this place.
 E = Time spent auto-exploring this place.
 F = Levels seen in this place.
 G = Mean time per level.
                   A        B        C        D        E       F      G
               +--------+--------+--------+--------+--------+-----+--------+
         Total |   2492 |   2422 |     70 |    485 |   1178 |   3 |  830.7 |
       Dungeon |   2492 |   2422 |     70 |    485 |   1178 |   3 |  830.7 |
               +--------+--------+--------+--------+--------+-----+--------+

Top non-repeatable levels by time:
     D:1: 846 daAuts
     D:3: 840 daAuts
     D:2: 805 daAuts
